 Dungeon Crawl Stone Soup version 0.27.1 (webtiles) character file.

Game seed: 2327925468328322358

974 ABBCCCDDDD the Chiller (level 8, -5/52 HPs)
             Began as an Octopode Abyssal Knight on Sept 2, 2021.
             Was a Priest of Lugonu.
             Slain by a vampire mosquito (8 damage)
             ... on level 6 of the Dungeon.
             The game lasted 00:18:21 (7699 turns).

ABBCCCDDDD the Chiller (Octopode Abyssal Knight)    Turns: 7699, Time: 00:18:22

Health: -5/52      AC:  1    Str: 11    XL:     8   Next: 16%
Magic:  12/12      EV: 13    Int: 17    God:    Lugonu [***...]
Gold:   110        SH:  0    Dex: 11    Spells: 3/13 levels left

rFire    . . .     SeeInvis .     - Unarmed
rCold    . . .     Faith    +   (no shield)
rNeg     . . .     Spirit   .   (helmet restricted)
rPois    .         Reflect  .   b - amulet of faith
rElec    .         Harm     .   (no ring)
rCorr    .         Rampage  .   (no ring)
Will     .....                  (no ring)
Stlth    ++........             (no ring)
HPRegen  0.17/turn              (no ring)
MPRegen  0.13/turn              (no ring)
                                (no ring)
                                (no ring)

@: no status effects
A: almost no armour, amphibious, 8 rings, camouflage 1, gelatinous body 1,
(nimble swimmer 1), tentacles
a: Renounce Religion, Depart the Abyss, Bend Space, Banish


You were on level 6 of the Dungeon.
You worshipped Lugonu.
Lugonu was most pleased with you.
You visited 1 branch of the dungeon, and saw 6 of its levels.
You visited the Abyss 1 time.

You collected 185 gold pieces.
You spent 75 gold pieces at shops.

Inventory:

Missiles
 d - 104 stones (quivered)
Jewellery
 b - an amulet of faith (around mantle)
Wands
 o - a wand of paralysis (7)
Scrolls
 a - a scroll of summoning
 c - 4 scrolls of enchant weapon
 f - a scroll of amnesia
 g - 2 scrolls of vulnerability
 h - a scroll of magic mapping
 i - a scroll of teleportation
 q - a scroll of blinking
 u - 2 scrolls of fog
Potions
 e - a potion of berserk rage
 j - 2 potions of invisibility
 k - a potion of might
 l - 2 potions of degeneration {unknown}
 m - 2 potions of flight {unknown}
 n - a potion of heal wounds {unknown}
 p - a potion of curing {unknown}
 r - a potion of magic {unknown}
 s - a potion of lignification {unknown}
 t - 2 potions of attraction {unknown}
 v - a potion of mutation {unknown}


   Skills:
 - Level 3.0 Fighting
 - Level 2.3 Dodging
 - Level 3.7 Unarmed Combat
 - Level 3.0 Spellcasting
 + Level 2.7 Transmutations
 + Level 5.3 Ice Magic
 - Level 5.0 Poison Magic
 - Level 2.0 Invocations


You had 3 spell levels left.
You knew the following spells:

 Your Spells              Type           Power      Damage    Failure   Level
a - Sting                 Tmut/Pois      60%        1d6       3%          1
b - Poisonous Vapours     Pois/Air       22%        N/A       10%         2
c - Frozen Ramparts       Ice            40%        1d6       6%          3
d - Ice Form              Ice/Tmut       16%        N/A       32%         4

Your spell library contained the following spells:

 Spells                   Type           Power      Damage    Failure   Level
 Ensorcelled Hibernation  Hex/Ice        22%        N/A       9%          2
 Corona                   Hex            2%         N/A       17%         1
 Gell's Gravitas          Tloc           1%         N/A       45%         3
 Teleport Other           Tloc           2%         N/A       45%         3
 Tukima's Dance           Hex            2%         N/A       45%         3
 Olgreb's Toxic Radiance  Pois           19%        N/A       22%         4
 Summon Ice Beast         Ice/Summ       11%        N/A       50%         4
 Dispersal                Tloc           1%         N/A       100%        6


Dungeon Overview and Level Annotations

Branches:
Dungeon (6/15)             Temple (0/1) D:6

Altars:
Makhleb
Ru
Uskayaw
Wu Jian

Shops:
D:1 ?   D:6 ?

Annotations:
D:3 Grinder, Robin
D:4 3 runed translucent doors, hurston's ghost, novice GrFi
D:5 exclusion: 2 downstairs
D:6 Menkaure


Innate Abilities, Weirdness & Mutations

You cannot wear most types of armour.
You are amphibious.
You can wear up to eight rings at the same time.
Your skin changes colour to match your surroundings (Stealth+).
Your rubbery body absorbs attacks. (AC +1, EV +1)
((You are camouflaged near water. (Stealth+)))
You have tentacles for arms and can constrict up to eight enemies at once.


Message History

Casting: Frozen Ramparts (dangerous; 6% risk of failure)
Confirm with . or Enter, or press ? or * to list all spells.
Okay, then.
There is a stone staircase leading up here.
A vampire mosquito comes into view.
The vampire mosquito buzzes angrily.
The vampire mosquito misses you. The vampire mosquito bites you.
The vampire mosquito draws strength from your injuries!
Okay, then.
Aiming: Paralyse
Press: ? - help, Shift-Dir - straight line, f - vampire mosquito
Aim: a vampire mosquito (chance to affect: 46%)
Okay, then.
Aiming: Paralyse
Press: ? - help, Shift-Dir - straight line, f - vampire mosquito
Aim: a vampire mosquito (chance to affect: 46%)
The vampire mosquito resists with some effort.
The vampire mosquito bites you!
The vampire mosquito draws strength from your injuries!
The vampire mosquito bites you!
The vampire mosquito draws strength from your injuries!
Aiming: Paralyse
Press: ? - help, Shift-Dir - straight line, f/p - vampire mosquito
Aim: a vampire mosquito (chance to affect: 46%)
The vampire mosquito resists with some effort.
The vampire mosquito bites you!
The vampire mosquito draws strength from your injuries!
The vampire mosquito bites you!
* * * LOW HITPOINT WARNING * * *
The vampire mosquito draws strength from your injuries!
Aiming: Paralyse
Press: ? - help, Shift-Dir - straight line, f/p - vampire mosquito
Aim: a vampire mosquito (chance to affect: 46%)
The vampire mosquito resists with some effort.
The vampire mosquito bites you!
* * * LOW HITPOINT WARNING * * *
The vampire mosquito draws strength from your injuries!
The vampire mosquito bites you!
You die...

#.∩................(#
#.........######..#....
#.[.......#.......# .
#.........#.##....##
#.........#.#<.###.##
#########.#.#...###.#
#.#.#...)##.#.####
#.#.####.....8.....
#.#.@yO.?##.#.####.
#.####..###.#.#
#...O..###..# #
##.##.....#.#
#.##.....#..
#.###....#..
######.####.!...#
#.......# #......
#.)####.# ######


You could see a two-headed ogre and a vampire mosquito.

Levels and vault maps discovered:
D:1:      dpeg_arrival_tiny_j, layout_loops_cross, serial_shops, shop
D:2:      layout_loops_ring, shapermc_ecumenical_altar_acropolis,
          minmay_pentomino_q2
D:3:      layout_loops_ring, lemuel_coloured_pillars_altar,
          chequers_serial_rivers_micro_b, uniq_grinder, uniq_robin
D:4:      layout_loops_ring, ebering_ghost_rock_garden, minmay_misc_feat_alley
D:5:      layout_gridville, nicolae_ru_awakened_eye,
          mainiacjoe_overflow_large_starburst
D:6:      cheibrodos_quashed, layout_basic, minmay_temple_entry_overgrown,
          serial_shops, shop, corexii_shack, kb_rosetta, uniq_menkaure

Notes
Turn   | Place    | Note
-------+----------+-------------------------------------------
     0 | Abyss:1  | ABBCCCDDDD the Octopode Abyssal Knight began the quest for
                  | the Orb.
     0 | Abyss:1  | Reached XP level 1. HP: 16/16 MP: 2/2
    36 | Abyss:1  | Noticed a rakshasa
    36 | Abyss:1  | Noticed a small abomination
    37 | D:1      | Escaped the Abyss
    54 | D:1      | Found Cumpadd's Magic Scroll Shop.
   388 | D:1      | Reached skill level 1 in Spellcasting
   388 | D:1      | Reached XP level 2. HP: 21/21 MP: 3/3
   393 | D:1      | Learned a level 1 spell: Sting
  1476 | D:2      | Reached * piety under Lugonu
  1492 | D:2      | Reached skill level 1 in Poison Magic
  1729 | D:2      | Reached skill level 1 in Transmutations
  1729 | D:2      | Reached XP level 3. HP: 17/26 MP: 5/5
  2171 | D:2      | Found a faded altar of an unknown god.
  2537 | D:3      | Noticed Robin
  2580 | D:3      | Reached XP level 4. HP: 21/31 MP: 4/6
  2687 | D:3      | Noticed Grinder
  3370 | D:3      | Reached ** piety under Lugonu
  3391 | D:3      | Found a burning altar of Makhleb.
  3632 | D:4      | Reached XP level 5. HP: 36/36 MP: 8/8
  3664 | D:4      | Found a runed translucent gate.
  3664 | D:4      | Found a runed translucent gate.
  3664 | D:4      | Found a runed translucent gate.
  3664 | D:4      | Noticed hurston's ghost (novice GrFi)
  3868 | D:4      | Learned a level 2 spell: Poisonous Vapours
  3902 | D:4      | Learned a level 3 spell: Frozen Ramparts
  4533 | D:4      | Noticed a black bear
  4634 | D:5      | Entered Level 5 of the Dungeon
  4710 | D:5      | Reached skill level 1 in Ice Magic
  4710 | D:5      | Reached XP level 6. HP: 36/42 MP: 1/9
  4781 | D:5      | Noticed a sky beast
  5083 | D:5      | Found an ornate altar of the Wu Jian Council.
  5235 | D:5      | Found a hide-covered altar of Uskayaw.
  5587 | D:5      | Found a sacrificial altar of Ru.
  5710 | D:5      | Noticed a sky beast
  5725 | D:6      | Found a staircase to the Ecumenical Temple.
  5735 | D:6      | Killed a sky beast
  5735 | D:6      | Reached *** piety under Lugonu
  5736 | D:6      | Reached XP level 7. HP: 46/46 MP: 10/10
  5871 | D:6      | Noticed a two-headed ogre
  5885 | D:6      | Found Ewuss's Magic Scroll Shop.
  5917 | D:6      | Bought a scroll of fog for 30 gold pieces
  5917 | D:6      | Bought a scroll of noise for 15 gold pieces
  5917 | D:6      | Bought a scroll of identify for 30 gold pieces
  5924 | D:6      | Noticed Menkaure
  5945 | D:6      | Reached skill level 5 in Poison Magic
  6074 | D:6      | Learned a level 4 spell: Ice Form
  6365 | D:6      | Noticed a hornet
  7148 | D:5      | Reached skill level 5 in Ice Magic
  7148 | D:5      | Reached XP level 8. HP: 25/52 MP: 7/12
  7699 | D:6      | Slain by a vampire mosquito

Table legend: (Time is in decaauts)
 A = Elapsed time spent in this place.
 B = Non-inter-level travel time spent in this place.
 C = Inter-level travel time spent in this place.
 D = Time resting spent in this place.
 E = Time spent auto-exploring this place.
 F = Levels seen in this place.
 G = Mean time per level.
                   A        B        C        D        E       F      G
               +--------+--------+--------+--------+--------+-----+--------+
         Total |   7694 |   7340 |    354 |   2467 |   3216 |   7 | 1099.1 |
       Dungeon |   7657 |   7303 |    354 |   2467 |   3182 |   6 | 1276.2 |
         Abyss |     37 |     37 |      0 |      0 |     34 |   1 |   37.0 |
               +--------+--------+--------+--------+--------+-----+--------+

Top non-repeatable levels by time:
     D:5: 2277 daAuts
     D:1: 1345 daAuts
     D:4: 1324 daAuts
     D:2: 1119 daAuts
     D:3: 966 daAuts
     D:6: 624 daAuts
 Abyss:1: 37 daAuts

Table legend:
 A = Kills in this place as a percentage of kills in entire the game.
 B = Kills by you in this place as a percentage of kills by you in the entire game.
 C = Kills by friends in this place as a percentage of kills by friends in the entire game.
 D = Other kills in this place as a percentage of other kills in the entire game.
 E = Experience gained in this place as a percentage of experience gained in the entire game.
 F = Experience gained in this place divided by the number of levels of this place that you have seen.
                   A       B       C       D       E      F
               +-------+-------+-------+-------+-------+----------------------
         Total | 100.0 | 100.0 |   N/A |   N/A | 100.0 | 198.9
       Dungeon | 100.0 | 100.0 |   N/A |   N/A | 100.0 | 232.0
               +-------+-------+-------+-------+-------+----------------------

Action                   |  1- 3 |  4- 6 |  7- 9 || total
-------------------------+-------+-------+-------++-------
Melee: Unarmed           |    66 |    98 |    54 ||   218
       Tentacles         |    14 |    15 |    10 ||    39
       Constrict         |    16 |    22 |     9 ||    47
       Punch             |     1 |     1 |       ||     2
Throw: Stone             |     1 |       |       ||     1
 Cast: Sting             |     9 |    25 |     6 ||    40
       Poisonous Vapours |       |    16 |    18 ||    34
       Frozen Ramparts   |       |       |     2 ||     2
Invok: Depart the Abyss  |     1 |       |       ||     1
       Bend Space        |       |     1 |       ||     1
Evoke: Wand              |       |     1 |     6 ||     7
  Use: Scroll            |       |     4 |     6 ||    10
 Stab: Sleeping          |     8 |     2 |     1 ||    11
       Paralysed         |       |     7 |     8 ||    15
Armor: Skin              |     2 |     5 |     4 ||    11
Dodge: Dodged            |    21 |    60 |    32 ||   113

Vanquished Creatures
  2 sky beasts
  2 ogres (D:5)
  A centaur (D:6)
  A water moccasin skeleton (D:4)
  2 howler monkeys
  2 bullfrog zombies
  An orc priest (D:5)
  A centaur skeleton (D:5)
  3 iguanas (D:5)
  2 orc wizards (D:5)
  A hound zombie (D:5)
  A hound skeleton (D:4)
  4 adders
  An ufetubus (D:5)
  An adder skeleton (D:4)
  2 worms (D:2)
  3 dart slugs
  8 orcs
  4 ball pythons
  A bat (D:3)
  6 endoplasms
  A giant cockroach (D:2)
  6 goblins
  7 hobgoblins
  12 jackals
  3 quokkas
  3 frilled lizards
  6 kobolds
  4 rats
91 creatures vanquished.
